 Dungeon Crawl Stone Soup version 0.20.1-1-g8b1a95d (webtiles) character file.

1439 Jannitor the Nimble (level 8, -4/44 HPs)
             Began as a Spriggan Chaos Knight on Sept 19, 2017.
             Splashed by an acid dragon's acid (6 damage)
             ... on level 6 of the Dungeon.
             The game lasted 00:07:30 (6056 turns).

Jannitor the Nimble (Spriggan Chaos Knight)         Turns: 6056, Time: 00:07:32

Health: -4/44      AC:  0    Str:  9    XL:     8   Next: 45%
Magic:  9/9        EV: 32    Int: 13    God:    Xom [...*..]
Gold:   272        SH:  0    Dex: 22    Spells: 7/7 levels left

rFire    + . .     SeeInvis +   e - +3 dagger (venom)
rCold    + + .     Gourm    .   (shield restricted)
rNeg     . . .     Faith    .   z - +2 robe {rC+}
rPois    +         Spirit   .   (helmet restricted)
rElec    +         Reflect  .   (no cloak)
rCorr    +         Harm     .   (gloves unavailable)
MR       +....                  (boots unavailable)
Stlth    +++.......             (no amulet)
Regen    0.2/turn               (no ring)
MPRegen  0.2/turn               (no ring)

@: agile, resistant, corroded, drained, very quick
A: unfitting armour, see invisible, herbivore 3, speed 3, slow metabolism 2
a: Renounce Religion


You were on level 6 of the Dungeon.
You worshipped Xom.
You were a favourite toy of Xom.
You were not hungry.

You visited 1 branch of the dungeon, and saw 6 of its levels.

You collected 371 gold pieces.
You spent 99 gold pieces at shops.

Inventory:

Hand Weapons
 a - a +0 short sword of chaos
 e - a +3 dagger of venom (weapon)
 H - a cursed -1 rapier
Missiles
 D - 26 arrows
Armour
 b - a +2 robe
 z - a +2 robe of cold resistance (worn)
Jewellery
 t - the cursed ring of Midsummer {rF+ EV-3 Str+7, unknown}
   (You found it on level 5 of the Dungeon)

   [ring of evasion]

   It affects your evasion (-3).
   It affects your strength (+7).
   It protects you from fire.
   It has a curse placed upon it.
 v - an uncursed ring of protection from cold {unknown}
 y - a +4 ring of protection {unknown}
 B - an uncursed amulet of magic regeneration {unknown}
Wands
 C - a wand of clouds (1/9)
 E - a wand of flame (29/48)
Scrolls
 d - 14 scrolls of identify
 g - a scroll of amnesia
 i - a scroll of enchant weapon
 k - a scroll of enchant armour
 m - a scroll of immolation {unknown}
 r - 3 scrolls of remove curse
 u - 2 scrolls of magic mapping
 x - a scroll of fear
 A - 2 scrolls of noise {unknown}
 G - a scroll of teleportation
Potions
 f - 3 potions of agility
 h - a potion of mutation {unknown}
 j - a potion of resistance
 l - a potion of cancellation {unknown}
 n - a potion of haste {unknown}
 o - a potion of flight {unknown}
 p - a potion of lignification {unknown}
 q - 2 potions of curing {unknown}
 w - a potion of brilliance {unknown}
 F - a potion of heal wounds {unknown}
Comestibles
 c - 3 bread rations
 s - 26 fruits


   Skills:
 + Level 5.5 Fighting
 + Level 7.3(7.2) Short Blades
 + Level 9.5(9.4) Dodging


You had 7 spell levels left.
You didn't know any spells.

Dungeon Overview and Level Annotations

Branches:
Dungeon (6/15)             Temple (0/1) D:5

Altars:
Xom

Shops:
D:4 [   D:6 (

Annotations:
D:2 1 runed door


Innate Abilities, Weirdness & Mutations

You are very small and have problems with some larger weapons.
You are too small for most types of armour.
You have supernaturally acute eyesight. (SInv)
You are a herbivore.
You cover ground extremely quickly.
You need consume almost no food.


Message History

The acid dragon completely misses you. The acid dragon claws you.
You are too injured to fight recklessly!
You barely miss the acid dragon.
The acid dragon is lightly wounded.
You hit the acid dragon.
The acid dragon is moderately wounded.
The acid dragon bites you!
* * * LOW HITPOINT WARNING * * *
The acid dragon completely misses you.
It was a potion of agility.
You feel agile all of a sudden. The acid dragon misses you. x2
It was a potion of resistance.
You feel protected. The acid dragon spits acid at you.
The splash of acid hits you! You resist.
* * * LOW HITPOINT WARNING * * *
You are splashed with acid!
The acid burns!
You resist.
You die...
Xom howls with laughter!

#........ ######.## ###
########.## #######..
#........## ........#
#.........# ........#
#.........# ........#
.#.......... ......D.#
.#..........
.......@####$#####.####.
.............# #....##.
#.#####.......#
##....##. ##.##
#.......# #......#. ...#
#.......# #......##
##.#..# #.......#
#.....### ...#..#
##.####.# #......(.
..#..# #.#
##.###.^....##
.<#..#####.#
#...........#


You could see an acid dragon.

Vanquished Creatures
  Prince Ribbit (D:5)
  A sky beast (D:5)
  2 phantoms (D:4)
  3 scorpions
  5 wights
  2 hounds
  An orc priest (D:5)
  An iguana (D:5)
  2 orc wizards
  A centaur skeleton (D:5)
  A worker ant (D:4)
  Natasha (thrice) (D:2)
  A worker ant zombie (D:5)
  A gnoll (D:5)
  6 adders
  A shadow imp (D:5)
  5 worms
  5 dart slugs
  7 leopard geckos
  9 orcs
  2 ball pythons (D:3)
  5 goblins
  7 hobgoblins
  6 jackals
  A quokka (D:6)
  5 bats
  7 frilled lizards
  6 kobolds
  A quokka zombie (D:5)
  10 rats
108 creatures vanquished.

Vanquished Creatures (collateral kills)
  Eustachio (D:5)
  3 wights (D:5)
  A crimson imp (D:5)
  A hound (D:5)
  2 gnolls (D:5)
8 creatures vanquished.

Vanquished Creatures (others)
  A phantom (D:6)
  A goblin (D:3)
2 creatures vanquished.

Grand Total: 118 creatures vanquished

Notes
Turn   | Place    | Note
-------+----------+-------------------------------------------
     0 | D:1      | Jannitor the Spriggan Chaos Knight began the quest for the Orb.
     0 | D:1      | Reached XP level 1. HP: 11/11 MP: 2/2
    76 | D:1      | XOM: harmless Air miscast
    78 | D:1      | XOM: harmless Erth miscast
    89 | D:1      | Reached XP level 2. HP: 12/16 MP: 3/3
   102 | D:1      | XOM: harmless Air miscast
   110 | D:1      | Reached skill level 4 in Dodging
   543 | D:1      | Reached XP level 3. HP: 19/19 MP: 4/4
   798 | D:2      | XOM: harmless Chrm miscast
   829 | D:2      | XOM: divination: detect items
   897 | D:2      | XOM: harmless Tloc miscast
  1085 | D:2      | Noticed Natasha
  1093 | D:2      | Killed Natasha
  1093 | D:2      | Reached skill level 5 in Dodging
  1093 | D:2      | Reached XP level 4. HP: 23/24 MP: 5/5
  1163 | D:2      | Noticed Natasha
  1172 | D:2      | Killed Natasha
  1307 | D:2      | XOM: silly message
  1387 | D:2      | Found a runed door.
  1458 | D:2      | Noticed Natasha
  1468 | D:2      | Killed Natasha
  1582 | D:2      | XOM: god gift: chain mail {god gift}
  1645 | D:2      | XOM: destruction
  1719 | D:3      | Reached XP level 5. HP: 24/28 MP: 6/6
  1873 | D:3      | XOM: mild Ice miscast
  2051 | D:3      | Reached skill level 6 in Dodging
  2441 | D:4      | Found Xecisyog's Antique Armour Shop.
  2445 | D:4      | Bought a glowing robe for 99 gold pieces
  2581 | D:4      | Noticed a phantom
  2603 | D:4      | XOM: destruction
  2607 | D:4      | XOM: polymorph adder -> leopard gecko
  2617 | D:4      | XOM: confuse monster(s)
  2623 | D:4      | XOM: cleaving
  2777 | D:4      | Reached XP level 6. HP: 31/32 MP: 7/7
  2799 | D:4      | XOM: summons friendly shadow imp
  2808 | D:4      | XOM: scenery: create altars
  2825 | D:4      | Reached skill level 5 in Short Blades
  2842 | D:4      | Reached skill level 7 in Dodging
  3070 | D:4      | XOM: 3-stop teleportation journey
  3080 | D:4      | XOM: harmless Fire miscast
  3355 | D:4      | XOM: god gift: pair of embroidered boots {god gift}
  3372 | D:4      | XOM: summons friendly crimson imp
  3682 | D:4      | XOM: harmless Pois miscast
  3686 | D:4      | XOM: medium Erth miscast
  3755 | D:4      | XOM: cloud trail
  3884 | D:5      | Entered Level 5 of the Dungeon
  3890 | D:5      | Reached XP level 7. HP: 33/37 MP: 8/8
  4187 | D:5      | XOM: divination: magic mapping
  4298 | D:5      | XOM: harmless Pois miscast
  4458 | D:5      | XOM: enchant monster (good)
  4459 | D:5      | XOM: noise
  4464 | D:5      | XOM: cast spell 'Call Canine Familiar'
  4518 | D:5      | Found a staircase to the Ecumenical Temple.
  4558 | D:5      | Reached skill level 8 in Dodging
  4750 | D:5      | Got a wavering iron ring
  4821 | D:5      | Noticed Eustachio
  4829 | D:5      | Killed Eustachio
  4913 | D:5      | Reached skill level 5 in Fighting
  4926 | D:5      | Reached XP level 8. HP: 16/43 MP: 9/9
  5142 | D:5      | Noticed Prince Ribbit
  5155 | D:5      | Killed Prince Ribbit
  5155 | D:5      | Reached skill level 9 in Dodging
  5309 | D:5      | XOM: smoke on damage
  5680 | D:6      | Found Yloedief's Antique Weapon Emporium.
  5734 | D:6      | XOM: divine lightning
  5784 | D:6      | XOM: confuse monster(s)
  6056 | D:6      | HP: 2/44 [acid dragon/splash of acid (9)]
  6056 | D:6      | Splashed by an acid dragon's acid

Skill      XL: |  1  2  3  4  5  6  7  8 |
---------------+-------------------------+-----
Dodging        | 4 5 6 7 8 9 |  9.5
Fighting       | 3 4 5 |  5.5
Short Blades   | 4 5 6 7 |  7.3

Action                   |  1- 3 |  4- 6 |  7- 9 || total
-------------------------+-------+-------+-------++-------
Melee: Short sword       |    15 |       |       ||    15
       Dagger            |    83 |   206 |   221 ||   510
Evoke: Wand              |       |       |     1 ||     1
  Use: Scroll            |       |       |     9 ||     9
       Potion            |       |       |     2 ||     2
 Stab: Sleeping          |     1 |     4 |       ||     5
       Distracted        |     1 |     2 |       ||     3
       Confused          |       |       |     4 ||     4
  Eat: Bread ration      |       |       |     1 ||     1
Armor: Robe              |     6 |    12 |     7 ||    25
Dodge: Dodged            |    56 |   153 |   142 ||   351
